AoeStats
← Lebende Leiche

Fortress

510155931Analyzed
3v3 RM · 2d ago on Sep 29, 2026· 57m 11s· 6 players
Game mode
Random Map
Map size
Large (8 player)
Population
200
Speed
Normal
Resources
Standard
Victory
Conquest
Starting age
Dark Age
Ending age
Imperial Age
RankedLock teamsTeams togetherTeam positionsShared explorationLock speedFull tech treeHidden civsTurbo modeCheats
Victory
Defeat
🇩🇪 Malay · Germany
1207
+16
🇬🇧 Varangians · United Kingdom
1164
+18
🇰🇿 Saxons · Kazakhstan
1148
+18
🇩🇪 Slavs · Germany
1233
-18
🇩🇪 Dravidians · Germany
1233
-19
🇩🇪 Portuguese · Germany
1148
-15
Nectarine
1:45 Loom
8:32 Feudal Age
12:34 Castle Age
10:34 Double-Bit Axe
10:46 Horse Collar
13:05 Forging
13:19 Scale Barding Armor
17:27 Wheelbarrow
18:05 Town Watch
20:37 Bloodlines
21:05 Husbandry
23:51 Chain Barding Armor
25:15 Iron Casting
27:53 Hand Cart
33:51 Imperial Age
31:48 Bow Saw
32:04 Gold Mining
32:06 Stone Mining
34:42 Stone Shaft Mining
33:52 Elite Jarl
35:35 Blast Furnace
36:00 Conscription
36:08 Fortified Wall
36:59 Masonry
37:37 Plate Barding Armor
38:36 Two-Man Saw
38:00 Fletching
39:07 Squires
39:09 Scale Mail Armor
38:54 Gothikon
39:22 Arson
39:08 Elite Varangian Guard
40:06 Chain Mail Armor
42:04 Plate Mail Armor
41:59 Heavy Plow
43:24 Caravan
43:49 Bodkin Arrow
44:18 Ballistics
46:42 Siege Engineers
46:19 Treadmill Crane
47:10 Architecture
48:57 Bracer
53:18 Crop Rotation
52:20 Light Cavalry
56:08 Guilds
Olli
6:04 Loom
8:20 Feudal Age
12:06 Castle Age
10:09 Double-Bit Axe
10:15 Horse Collar
11:59 Heavy Plow
12:19 Bow Saw
14:40 Forging
14:34 Squires
21:13 Iron Casting
20:25 Arson
26:16 Wheelbarrow
26:17 Gold Mining
36:21 Imperial Age
35:35 Elite Karambit Warrior
36:36 Conscription
38:07 Gold Shaft Mining
37:26 Stone Mining
38:09 Crop Rotation
39:27 Stone Shaft Mining
41:44 Blast Furnace
42:22 Hand Cart
47:05 Chemistry
46:12 Siege Engineers
46:25 Masonry
49:32 Caravan
51:39 Ballistics
51:11 Fletching
51:22 Padded Archer Armor
yopponti
7:59 Feudal Age
11:57 Castle Age
10:15 Double-Bit Axe
11:44 Loom
11:43 Horse Collar
15:25 Wheelbarrow
19:53 Bow Saw
19:29 Town Watch
26:10 Imperial Age
23:50 Scale Mail Armor
24:01 Forging
25:26 Chain Mail Armor
26:11 Ballistics
25:17 Elite Skirmisher
26:12 Squires
26:15 Fletching
27:09 Iron Casting
27:10 Bodkin Arrow
27:48 Padded Archer Armor
27:41 Elite Varangian Guard
28:55 Bracer
29:26 Plate Mail Armor
30:26 Leather Archer Armor
31:21 Chemistry
31:11 Gold Mining
31:44 Capped Ram
33:14 Ring Archer Armor
33:31 Thumb Ring
36:14 Hand Cart
37:02 Two-Man Saw
36:02 Arson
36:03 Gambesons
36:50 Heavy Plow
36:43 Stone Mining
38:29 Masonry
38:14 Murder Holes
38:12 Guard Tower
39:27 Conscription
38:36 Shield Wall
40:00 Siege Ram
41:56 Keep
43:30 Arrowslits
47:02 Caravan
48:01 Guilds
53:04 Coinage
El Commandante
8:31 Feudal Age
12:20 Castle Age
10:11 Double-Bit Axe
10:08 Horse Collar
10:00 Man-at-Arms
11:03 Scale Mail Armor
11:58 Forging
12:30 Long Swordsman
15:35 Squires
16:26 Bloodlines
16:05 Loom
17:01 Bow Saw
20:15 Chain Mail Armor
21:42 Wheelbarrow
22:03 Heavy Plow
22:41 Scale Barding Armor
25:01 Iron Casting
24:47 Chain Barding Armor
25:13 Husbandry
28:46 Imperial Age
27:11 Detinets
27:29 Hand Cart
28:23 Fletching
33:02 Two-Man Saw
32:37 Bodkin Arrow
33:19 Plate Barding Armor
35:39 Bodkin Arrow
36:48 Elite Boyar
39:46 Hoardings
39:49 Conscription
39:47 Caravan
40:33 Gold Mining
40:34 Stone Mining
41:39 Siege Engineers
44:33 Crop Rotation
45:41 Heavy Scorpion
48:04 Light Cavalry
51:25 Capped Ram
runawayking
9:27 Feudal Age
14:10 Castle Age
12:02 Double-Bit Axe
11:58 Horse Collar
12:31 Forging
12:22 Scale Mail Armor
12:53 Arson
20:06 Pikeman
21:24 Iron Casting
25:58 Chain Mail Armor
32:15 Imperial Age
29:32 Loom
31:29 Ballistics
31:22 Masonry
32:18 Gambesons
31:53 Man-at-Arms
33:20 Halberdier
37:32 Blast Furnace
37:03 Plate Mail Armor
37:06 Long Swordsman
41:34 Chemistry
41:12 Arquebus
42:25 Wheelbarrow
45:29 Elite Organ Gun
51:45 Bow Saw
Lebende Leiche
6:01 Loom
7:47 Feudal Age
9:24 Double-Bit Axe
9:33 Horse Collar
9:45 Town Watch
12:32 Castle Age
11:07 Gold Mining
11:16 Fletching
12:26 Padded Archer Armor
13:23 Bow Saw
13:16 Heavy Plow
14:30 Wheelbarrow
17:50 Husbandry
21:30 Bodkin Arrow
22:38 Ballistics
23:24 Leather Archer Armor
25:11 Thumb Ring
29:16 Stone Mining
30:18 Hand Cart
35:48 Imperial Age
34:32 Squires
34:20 Gambesons
34:20 Arson
34:51 Scale Mail Armor
35:02 Forging
34:21 Man-at-Arms
36:29 Town Patrol
36:50 Chain Mail Armor
37:58 Chemistry
37:44 Conscription
38:01 Hoardings
38:59 Plate Mail Armor
38:38 Bracer
39:27 Medical Corps
40:28 Iron Casting
41:53 Wootz Steel
42:17 Masonry
43:10 Elite Skirmisher
45:44 Ring Archer Armor
Connection lost

Rejoining the realm…

Still unreachable

The connection could not be restored.

Session expired

The server has moved on; the page needs a fresh start.